 Dungeon Crawl Stone Soup version 0.19.4-8-ga85b6b9 (webtiles) character file.

239 Jynx the Cudgeler (level 5, -3/47 HPs)
             Began as a Minotaur Fighter on Feb 7, 2017.
             Killed by nerve-wracking pain
             ... invoked by Menkaure
              (4 damage)
             ... on level 4 of the Dungeon.
             The game lasted 00:04:03 (2161 turns).

Jynx the Cudgeler (Minotaur Fighter)                Turns: 2161, Time: 00:04:04

Health: -3/47      AC: 12    Str: 21    XL:     5   Next: 79%
Magic:  3/3        EV:  7    Int:  5    God:
Gold:   203        SH: 10    Dex: 19    Spells: 0 memorised, 4 levels left

rFire  . . .     SeeInvis .     a - +0 flail
rCold  . . .     Gourm    .     y - +3 scale mail "Vynyzyfo" {Dex+9}
rNeg   . . .     Faith    .     c - +0 shield
rPois  .         Spirit   .     (helmet restricted)
rElec  .         Reflect  .     (no cloak)
rCorr  .         Harm     .     (no gloves)
MR     .....                    m - +0 pair of boots
Stlth  ..........               (no amulet)
                                (no ring)
                                k - +1 ring of protection

@: no status effects
A: retaliatory headbutt, horns 2, low mp 1, evolution 1
a: no special abilities


You were on level 4 of the Dungeon.
You were not hungry.

You visited 1 branch of the dungeon, and saw 4 of its levels.

You collected 203 gold pieces.

Inventory:

Hand Weapons
 a - a +0 flail (weapon)
Armour
 c - a +0 shield (worn)
 m - a +0 pair of boots (worn)
 v - a +0 large shield
 y - the +3 scale mail "Vynyzyfo" (worn) {Dex+9}
   (You found it on level 4 of the Dungeon)

   It affects your dexterity (+9).
Jewellery
 k - a +1 ring of protection (left hand)
Wands
 x - a wand of polymorph (13/24)
Scrolls
 e - 3 scrolls of identify
 g - 3 scrolls of enchant weapon {unknown}
 h - 2 scrolls of remove curse {unknown}
 i - a scroll of enchant armour {unknown}
 o - a scroll of fear {unknown}
 q - 2 scrolls of blinking {unknown}
 r - a scroll of immolation {unknown}
Potions
 d - a potion of might
 j - 2 potions of flight
 l - a potion of mutation
 n - a potion of heal wounds
 p - a potion of agility {unknown}
 t - a potion of degeneration {unknown}
 u - a potion of brilliance {unknown}
Comestibles
 f - 2 bread rations
 s - a meat ration
 w - 2 beef jerkies
 z - a chunk of flesh


   Skills:
 + Level 4.7 Fighting
 * Level 5.1 Maces & Flails
 + Level 4.8 Armour
 + Level 0.0 Dodging
 + Level 4.6 Shields


You had 4 spell levels left.
You didn't know any spells.

Dungeon Overview and Level Annotations

Branches:
Dungeon (4/15)             Temple (0/1) D:4

Altars:
Elyvilon
Fedhas
Makhleb

Annotations:
D:4 Menkaure


Innate Abilities, Weirdness & Mutations

You reflexively headbutt those who attack you in melee.
You have a pair of horns on your head.
Your magical capacity is low. (-10% MP)
You evolve.


Message History

Menkaure hits you but does no damage.
You hit Menkaure but do no damage. You headbutt Menkaure!
Menkaure is almost destroyed.
Menkaure calls on the powers of darkness!
Your body is wracked with pain!
* * * LOW HITPOINT WARNING * * *
The orc convulses!
Menkaure hits you.
* * * LOW HITPOINT WARNING * * *
It was a potion of mutation.
You feel extremely strange.
You feel less energetic.
You feel nature experimenting on you.
Don't worry, failures die fast.
Menkaure hits you.
* * * LOW HITPOINT WARNING * * *
Unknown command.
Unknown command.
As you read the scroll of identify, it crumbles to dust.
n - a potion of heal wounds Menkaure gestures at you while chanting.
Pain shoots through your body!
You die...

##.#.#######.#.#.#.....#
.....# ### #.#.# ...⌠..#
###..#######...# .....##
#............# ⌠.>.⌠.%
#...########.# .......
##### #....###..⌠....
#.####o.a...... #.#
#M#....... #.#
#@#....... #.#
#.#....... #.#
#.#.....## #.# #.##.#..#
#.# #.# .#..# #.####.#
.. .. #......# ########


You could see Menkaure and an orc.

Vanquished Creatures
  An ogre (D:3)
  A bullfrog skeleton (D:4)
  2 worker ants (D:4)
  2 adders
  An adder skeleton (D:4)
  A worm (D:2)
  A dart slug (D:1)
  A leopard gecko (D:3)
  3 orcs (D:4)
  5 giant cockroaches
  5 goblins
  8 hobgoblins
  8 jackals
  2 ball pythons
  6 bats
  A frilled lizard (D:1)
  4 kobolds
  A leopard gecko skeleton (D:4)
  3 rats
56 creatures vanquished.

Notes
Turn   | Place    | Note
-------+----------+-------------------------------------------
     0 | D:1      | Jynx the Minotaur Fighter began the quest for the Orb.
     0 | D:1      | Reached XP level 1. HP: 19/19 MP: 0/0
   203 | D:1      | Reached XP level 2. HP: 27/27 MP: 1/1
   229 | D:1      | Reached skill level 3 in Maces & Flails
   894 | D:2      | Reached XP level 3. HP: 28/33 MP: 2/2
  1350 | D:3      | Found a white marble altar of Elyvilon.
  1671 | D:3      | Noticed an ogre
  1674 | D:3      | Killed an ogre
  1674 | D:3      | Reached skill level 4 in Maces & Flails
  1674 | D:3      | Reached XP level 4. HP: 41/41 MP: 3/3
  1674 | D:3      | Reached XP level 5. HP: 47/47 MP: 4/4
  1912 | D:4      | Found a burning altar of Makhleb.
  1959 | D:4      | Reached skill level 5 in Maces & Flails
  1987 | D:4      | Got a twisted scale mail
  1998 | D:4      | Identified the +3 scale mail "Vynyzyfo" {Dex+9} (You found it on level 4 of the Dungeon)
  2109 | D:4      | Found a blossoming altar of Fedhas.
  2149 | D:4      | Found a staircase to the Ecumenical Temple.
  2149 | D:4      | Noticed Menkaure
  2160 | D:4      | Gained mutation: Your magical capacity is low. (-10% MP) [potion of mutation]
  2160 | D:4      | Gained mutation: You evolve. [potion of mutation]
  2160 | D:4      | HP: 1/47 [Menkaure (5)]
  2161 | D:4      | Killed from afar by Menkaure

Skill      XL: |  1  2  3  4  5 |
---------------+----------------+-----
Maces & Flails | 3 4 5 |  5.1
Armour         | 4 |  4.8
Fighting       | 4 |  4.7
Shields        | 4 |  4.6

Action                   |  1- 3 |  4- 6 || total
-------------------------+-------+-------++-------
Melee: Flail             |   108 |    30 ||   138
       Headbutt          |    12 |    11 ||    23
  Use: Scroll            |       |     2 ||     2
       Potion            |       |     1 ||     1
  Eat: Chunk             |     3 |     1 ||     4
Armor: Scale mail        |    57 |    14 ||    71
Dodge: Dodged            |    33 |     8 ||    41
Block: Shield            |    69 |    16 ||    85
